 Dungeon Crawl Stone Soup version 0.27-a0-765-ge4d627daa3 (webtiles) character file.

Game seed: 908724592280662097

23 rageheart7 the Shield-Bearer (level 3, -2/35 HPs)
             Began as a Gnoll Fighter on Mar 25, 2021.
             Slain by Sigmund
             ... wielding a +0 scythe
              (6 damage)
             ... on level 2 of the Dungeon.
             The game lasted 00:01:10 (1018 turns).

rageheart7 the Shield-Bearer (Gnoll Fighter)        Turns: 1018, Time: 00:01:11

Health: -2/35      AC:  7    Str: 16    XL:     3   Next: 0%
Magic:  3/3        EV:  7    Int:  7    God:
Gold:   90         SH:  0    Dex: 11    Spells: 3/3 levels left

rFire    . . .     SeeInvis .   a - +0 trident
rCold    . . .     Faith    .   c - +0 kite shield
rNeg     . . .     Spirit   .   b - +0 scale mail
rPois    .         Reflect  .   (no helmet)
rElec    .         Harm     .   (no cloak)
rCorr    .         Rampage  .   (no gloves)
Will     .....                  (no boots)
Stlth    ..........             (no amulet)
HPRegen  0.11/turn              (no ring)
MPRegen  0.08/turn              (no ring)

@: confused, mighty
A: fangs 1, strong nose, distributed training
a: no special abilities


You were on level 2 of the Dungeon.
You visited 1 branch of the dungeon, and saw 2 of its levels.

You collected 90 gold pieces.

Inventory:

Hand Weapons
 a - a +0 trident (weapon)
Armour
 b - a +0 scale mail (worn)
 c - a +0 kite shield (worn)
Scrolls
 f - a scroll of brand weapon {unknown}
 h - a scroll of enchant armour {unknown}
 i - a scroll of fog {unknown}


   Skills:
 + Level 6.5 Fighting
 + Level 0.5 Short Blades
 + Level 0.5 Long Blades
 + Level 0.5 Axes
 + Level 0.5 Maces & Flails
 + Level 4.5 Polearms
 + Level 0.5 Staves
 + Level 0.5 Slings
 + Level 0.5 Bows
 + Level 0.5 Crossbows
 + Level 0.5 Throwing
 + Level 6.5 Armour
 + Level 0.5 Dodging
 + Level 0.5 Stealth
 + Level 6.5 Shields
 + Level 0.5 Unarmed Combat
 + Level 0.5 Spellcasting
 + Level 0.4 Conjurations
 + Level 0.4 Hexes
 + Level 0.4 Summonings
 + Level 0.4 Necromancy
 + Level 0.4 Translocations
 + Level 0.4 Transmutations
 + Level 0.4 Fire Magic
 + Level 0.4 Ice Magic
 + Level 0.4 Air Magic
 + Level 0.4 Earth Magic
 + Level 0.4 Poison Magic
 + Level 0.7 Invocations
 + Level 0.5 Evocations


You had 3 spell levels left.
You didn't know any spells.
Your spell library contained the following spells:

 Spells                   Type           Power      Damage    Failure   Level
 Animate Skeleton         Necr           0%         N/A       98%         1
 Apportation              Tloc           0%         N/A       98%         1
 Corona                   Hex            0%         N/A       98%         1
 Summon Small Mammal      Summ           0%         N/A       98%         1


Dungeon Overview and Level Annotations

Branches:
Dungeon (2/15)

Altars:

Annotations:
D:2 Sigmund


Innate Abilities, Weirdness & Mutations

You have very sharp teeth.
Your uncanny sense of smell can sniff out nearby items.
Your experience applies equally to all skills.


Message History

You feel very mighty all of a sudden.
Sigmund laughs darkly.
Sigmund points at you and mumbles some strange words.
You are confused.
You are too confused!
You are too confused!
Sigmund hits you from afar with a +0 scythe!
Sigmund gestures at himself while chanting.
Sigmund flickers and vanishes!
Deactivating autopickup; reactivate with Ctrl-A.
You hear some strange, mumbled words.
You are more confused.
You see here 22 arrows.
Something hits you!
You see here 22 arrows.
Something hits you! Something hits you.
* * * LOW HITPOINT WARNING * * *
It was a potion of ambrosia.
You are more confused.
You feel invigorated. Something hits you!
* * * LOW HITPOINT WARNING * * *
It was a potion of heal wounds.
You feel much better. Something hits you but does no damage.
Something hits you. Something hits you.
You miss something. Something hits you but does no damage.
You hear some strange, mumbled words.
A puff of flame appears from out of thin air!
The puff of flame hits you!
A magic dart appears from out of thin air!
The magic dart hits you.
You bump into the rock wall.
You bump into the rock wall.
Something hits you!
You bump into the rock wall.
You feel less invigorated. Something hits you!
You bump into the rock wall.
Something hits you. Something hits you!
* * * LOW HITPOINT WARNING * * *
Something hits you.
You die...

....#.#######.......#
.#.....######.......#
###................#
#.########....(..#
###†# #.......#
##...########.......#
...............{#####
#.#############.#######
#.# #.@.....# ..#
#######.# .## # ∆


There were no monsters in sight!

Vanquished Creatures
  A worm (D:2)
  4 endoplasms
  2 giant cockroaches (D:1)
  A goblin (D:1)
  2 hobgoblins
  A kobold (D:1)
  A ball python (D:1)
  2 bats (D:1)
  3 frilled lizards
  2 rats (D:1)
19 creatures vanquished.

Notes
Turn   | Place    | Note
-------+----------+-------------------------------------------
     0 | D:1      | rageheart7 the Gnoll Fighter began the quest for the Orb.
     0 | D:1      | Reached XP level 1. HP: 23/23 MP: 1/1
   291 | D:1      | You fall into a shaft and drop 1 floor!
   305 | D:2      | Reached XP level 2. HP: 27/29 MP: 2/2
   922 | D:1      | Reached XP level 3. HP: 35/35 MP: 3/3
   997 | D:2      | Noticed Sigmund
  1018 | D:2      | Slain by Sigmund

Illustrated notes

Levels and vault maps discovered:
D:1:      minmay_arrival_up_and_down, layout_loops_corners
D:2:      layout_rooms, serial_forest, infiniplex_forest_corner_1,
          infiniplex_forest_straight_5, infiniplex_forest_clump_large,
          infiniplex_forest_end_1, infiniplex_forest_straight_2,
          infiniplex_forest_clump_diagonal, infiniplex_forest_diagonal,
          uniq_sigmund

Action                   || total
-------------------------++-------
Melee: Trident           ||    75
       Bite              ||     4
  Use: Potion            ||     3
Armor: Scale mail        ||    23
Dodge: Dodged            ||    16
Block: Kite shield       ||    27

Table legend: (Time is in decaauts)
 A = Elapsed time spent in this place.
 B = Non-inter-level travel time spent in this place.
 C = Inter-level travel time spent in this place.
 D = Time resting spent in this place.
 E = Time spent auto-exploring this place.
 F = Levels seen in this place.
 G = Mean time per level.
                   A        B        C        D        E       F      G
               +--------+--------+--------+--------+--------+-----+--------+
         Total |   1037 |    993 |     44 |      0 |    831 |   2 |  518.5 |
       Dungeon |   1037 |    993 |     44 |      0 |    831 |   2 |  518.5 |
               +--------+--------+--------+--------+--------+-----+--------+

Top non-repeatable levels by time:
     D:1: 931 daAuts
     D:2: 105 daAuts
